 Dungeon Crawl Stone Soup version 0.29.1 (webtiles) character file.

Game seed: 2696306743775293319

39674 Icepheonix32 the Fencer (level 13, -2/124 HPs)
             Began as a Minotaur Fighter on Sept 13, 2022.
             Was the Champion of Okawaru.
             Slain by a caustic shrike skeleton (16 damage)
             ... led by a necromancer
             ... on level 2 of the Abyss.
             The game lasted 00:25:42 (18828 turns).

Icepheonix32 the Fencer (Minotaur Fighter)         Turns: 18828, Time: 00:25:43

Health: -2/124     AC: 18    Str: 29    XL:     13   Next: 70%
Magic:  18/18      EV: 14    Int:  5    God:    Okawaru [******]
Gold:   570        SH:  7    Dex: 21    Spells: 9/12 levels left

rFire   + . .      SeeInvis +   V - +6 long sword (holy)
rCold   + + .      Faith    +   c - +0 buckler
rNeg    + . .      Spirit   .   Q - +2 scale mail "Derros" {Fly SInv}
rPois   +          Reflect  .   (helmet restricted)
rElec   +          Harm     .   P - +0 cloak "Oreemn" {-Cast Rampage rC+ Stlth+}
rCorr   +          Rampage  +   I - +2 pair of gloves
Will    .....      NoCast   +   M - +0 pair of boots of the Demon Prince {rElec rN+ Str+2}
Stlth   ++........              g - amulet of faith
HPRegen 0.30/turn               H - +6 ring of dexterity
MPRegen 0.16/turn               F - +6 ring of dexterity

@: resistant, flying
A: horns 2, retaliatory headbutt
a: Renounce Religion, Heroism, Finesse, Duel


You were on level 2 of the Abyss.
You worshipped Okawaru.
Okawaru was exalted by your worship.
You visited 2 branches of the dungeon, and saw 15 of its levels.
You visited the Abyss 1 time.
You also visited: Ossuary.

You collected 870 gold pieces.
You spent 300 gold pieces at shops.

Inventory:

Hand Weapons
 e - the +7 Throatcutter {drain, coup de grace}
   (You took it off Terence on level 2 of the Dungeon)

   A truly terrible weapon, it drains the life of any living foe it strikes.
   It may instantly kill foes which have little health.
 V - a +6 long sword of holy wrath (weapon)
Missiles
 j - 28 poisoned darts
 y - 18 boomerangs
Armour
 c - a +0 buckler (worn)
 d - the +8 orange crystal plate armour {Archmagi, Int+3 Clar}
   (Okawaru gifted it to you on level 14 of the Dungeon)

   Int:       It affects your intelligence (+3).
   Clar:      It protects you against confusion.
 f - a +0 chain mail
 u - a +0 ring mail of poison resistance
 I - a +2 pair of gloves (worn)
 M - the +0 pair of boots of the Demon Prince (worn) {rElec rN+ Str+2}
   (Okawaru gifted it to you on level 10 of the Dungeon)

   Str:       It affects your strength (+2).
   rElec:     It insulates you from electricity.
   rN:        It protects you from negative energy.
 P - the +0 cloak "Oreemn" (worn) {-Cast Rampage rC+ Stlth+}
   (Okawaru gifted it to you on level 12 of the Dungeon)

   rC:        It protects you from cold.
   -Cast:     It prevents spellcasting.
   Rampage:   It bestows one free step when moving towards enemies.
   Stlth:     It makes you more stealthy.
 Q - the +2 scale mail "Derros" (worn) {Fly SInv}
   (You bought it in a shop on level 13 of the Dungeon)

   SInv:      It lets you see invisible.
   Fly:       It grants you flight.
Jewellery
 g - an amulet of faith (around neck)
 B - a ring of poison resistance
 F - a +6 ring of dexterity (right hand)
 H - a +6 ring of dexterity (left hand)
Wands
 o - a wand of digging (10)
 p - a wand of flame (43)
 s - a wand of polymorph (5)
 D - a wand of roots (7)
 J - a wand of acid (6)
 T - a wand of mindburst (11)
Scrolls
 a - 5 scrolls of amnesia
 b - a scroll of magic mapping {unknown}
 h - 7 scrolls of teleportation
 k - 5 scrolls of vulnerability
 l - a scroll of torment
 n - 6 scrolls of immolation
 C - a scroll of enchant armour
 E - 2 scrolls of silence
 G - a scroll of fog
 S - a scroll of poison {unknown}
 W - a scroll of summoning {unknown}
Potions
 i - 6 potions of curing
 m - 2 potions of flight
 t - 2 potions of lignification
 w - a potion of brilliance
 x - 2 potions of degeneration
 z - 2 potions of haste
 A - 2 potions of ambrosia {unknown}
 L - a potion of magic
 N - 2 potions of attraction
 O - a potion of invisibility {unknown}
Miscellaneous
 r - a phial of floods
 U - a lightning rod (4/4)


   Skills:
 * Level 14.0 Fighting
 * Level 16.7 Long Blades
 * Level 12.5 Armour
 + Level 6.0 Dodging
 + Level 2.3 Stealth
 + Level 8.8 Shields
 + Level 1.0 Hexes
 * Level 8.2 Invocations


You had 9 spell levels left.
You knew the following spells:

 Your Spells              Type           Power      Damage    Failure   Level
a - Confusing Touch       Hex            1%         N/A       93%         3

Your spell library contained the following spells:

 Spells                   Type           Power      Damage    Failure   Level
 Slow                     Hex            4%         N/A       61%         1
 Foxfire                  Conj/Fire      0%         2x1d4     75%         1
 Sting                    Tmut/Pois      0%         1d3       75%         1
 Ensorcelled Hibernation  Hex/Ice        0%         N/A       82%         2
 Passwall                 Tmut/Erth      0%         N/A       87%         2
 Poisonous Vapours        Pois/Air       0%         N/A       87%         2
 Sublimation of Blood     Necr           0%         N/A       87%         2
 Wereblood                Tmut           0%         N/A       87%         2
 Inner Flame              Hex/Fire       0%         N/A       96%         3
 Conjure Flame            Conj/Fire      0%         6-21      98%         3
 Gell's Gravitas          Tloc           0%         N/A       98%         3
 Lesser Beckoning         Tloc           0%         N/A       98%         3
 Stone Arrow              Conj/Erth      0%         3d7       98%         3
 Swiftness                Air            0%         N/A       98%         3
 Teleport Other           Tloc           0%         N/A       98%         3
 Vampiric Draining        Necr           0%         2d6       98%         3
 Flame Wave               Conj/Fire      0%         2d4       100%        4
 Olgreb's Toxic Radiance  Pois           0%         N/A       100%        4
 Passage of Golubria      Tloc           0%         N/A       100%        4
 Yara's Violent Unravell  Hex/Tmut       0%         3d3       100%        5
 Lehudib's Crystal Spear  Conj/Erth      0%         10d2      100%        8
 Tukima's Dance           Hex            Unusable   N/A       N/A         3
 Animate Armour           Summ/Erth      Unusable   N/A       N/A         4
 Summon Hydra             Summ           Unusable   N/A       N/A         7

Dungeon Overview and Level Annotations

Branches:
Dungeon (14/15)            Temple (1/1) D:5            Lair (0/5) D:9
    Orc (0/2) D:10        Ossuary (visited)
 Vaults: D:13-14

Altars:
Ashenzari
Cheibriados
Dithmenos
Elyvilon
Fedhas
Gozag
Hepliaklqana
Kikubaaqudgha
Makhleb
Nemelex Xobeh
Okawaru
Qazlal
Ru
Sif Muna
Trog
Uskayaw
Vehumet
Wu Jian
Xom
Yredelemnul
Zin
The Shining One

Shops:
D:10 *   D:13 ::=*

Portals:
Abyss: D:12

Annotations:
D:4 2 transporters, Splishie's ghost, amateur GnWn
D:12 2 transporters


Innate Abilities, Weirdness & Mutations

You have a pair of horns on your head.
You reflexively headbutt those who attack you in melee.


Message History

Your Fighting skill increases to level 14!
Your Dodging skill increases to level 6!
Things that are here:
a +0 dagger; a +0 robe A dire elephant zombie comes into view.
A caustic shrike skeleton comes into view.
You slash the dire elephant zombie!
The dire elephant zombie convulses!
The dire elephant zombie is lightly damaged.
You slash the dire elephant zombie!
The dire elephant zombie convulses.
You headbutt the dire elephant zombie!
The dire elephant zombie is moderately damaged.
The caustic shrike skeleton claws you!
* * * LOW HITPOINT WARNING * * *
The dire elephant zombie tramples you.
* * * LOW HITPOINT WARNING * * *
You hold your ground!
The dire elephant zombie trunk-slaps you but does no damage.
You block the caustic shrike skeleton's attack.
The caustic shrike skeleton completely misses you.
You furiously retaliate!
You headbutt the caustic shrike skeleton!
You barely miss the caustic shrike skeleton.
The caustic shrike skeleton is lightly damaged.
The caustic shrike skeleton closely misses you.
You furiously retaliate!
You headbutt the caustic shrike skeleton!
You barely miss the caustic shrike skeleton.
You headbutt the caustic shrike skeleton!
The caustic shrike skeleton is moderately damaged.
You block the caustic shrike skeleton's attack.
You slash the caustic shrike skeleton!
The caustic shrike skeleton convulses!
The caustic shrike skeleton is heavily damaged.
The caustic shrike skeleton claws you!
* * * LOW HITPOINT WARNING * * *
A tentacled monstrosity comes into view.
The caustic shrike skeleton completely misses you.
You slice the caustic shrike skeleton!!
The caustic shrike skeleton convulses.
The caustic shrike skeleton is severely damaged.
The caustic shrike skeleton claws you!
You die...

.###. .. #... # .
..# ... ...###
#.## #..##.#... .
X.# #...... .
.... ...##.#..# .
.#.
#.#....#..##..
... # #..)... ..
. .## #. #.####
#.#... . #..#
.##@..# . . #
#...##Z#.#......#
##.Z##... ...
............#.# #
................
#############.###
.. .#


You could see a tentacled monstrosity, a dire elephant zombie and a caustic
shrike skeleton.

Vanquished Creatures
  A tentacled starspawn (Abyss:2)
  A deep elf elementalist (Abyss:2)
  A black draconian (Abyss:2)
  A great orb of eyes (Abyss:2)
  A spriggan zombie (Abyss:2)
  A hydra (D:12)
  A boulder beetle (D:12)
  5 centaur warriors
  2 two-headed ogres
  5 skeletal warriors (D:14)
  A sixfirhy (Abyss:2)
  A shadow wraith (Abyss:2)
  A necromancer (Abyss:2)
  13 ugly things
  2 deep elf pyromancers (D:14)
  4 cyclopes
  A manticore (D:14)
  An orange demon (Abyss:2)
  A gargoyle (D:12)
  3 unseen horrors
  3 komodo dragons
  A freezing wraith (Abyss:2)
  4 trolls
  A polar bear (shapeshifter) (D:14)
  Grinder (D:3)
  A hornet (D:11)
  4 slime creatures (D:12)
  A small abomination (Abyss:2)
  4 shadows
  4 wyverns
  5 large abominations (Abyss:2)
  A black mamba zombie (Abyss:2)
  A ynoxinul (Abyss:2)
  4 wraiths
  A vampire (D:10)
  25 yaks
  4 basilisks
  Menkaure (D:7)
  2 steam dragons (D:9)
  4 wargs (D:10)
  An acid dragon (D:10)
  Duvessa (D:5)
  5 water moccasins
  2 orc warriors
  2 ice beasts (D:8)
  2 sky beasts (D:7)
  3 black bears
  14 centaurs
  An ogre (D:5)
  3 phantoms
  2 bullfrogs
  Blork the orc (D:5)
  A scorpion (D:5)
  An earth elemental (Abyss:2)
  11 wights
  Dowan (D:5)
  6 killer bees (D:9)
  10 howler monkeys
  2 orc priests
  A gnoll bouda (D:7)
  3 jellies
  3 hounds
  5 iguanas
  Terence (D:2)
  Jessica (D:2)
  4 orc wizards
  A mummy (D:6)
  8 gnolls
  9 adders
  5 white imps
  3 ufetubi
  An adder zombie (Ossuary)
  3 worms
  2 dart slugs
  10 orcs
  8 bats (D:2)
  7 endoplasms
  4 giant cockroaches
  7 goblins
  5 hobgoblins
  4 quokkas
  9 ball pythons
  A ball python skeleton (Ossuary)
  A goblin zombie (D:6)
  3 hobgoblin skeletons (Ossuary)
  6 kobolds
  A kobold zombie (Ossuary)
  An orc skeleton (Ossuary)
  3 orc zombies
  3 rats
311 creatures vanquished.

Vanquished Creatures (others)
  28 fungi
  A plant (D:10)
  2 starspawn tentacles (Abyss:2)
31 creatures vanquished.

Grand Total: 342 creatures vanquished

Notes
Turn   | Place    | Note
-------+----------+-------------------------------------------
     0 | D:1      | Icepheonix32 the Minotaur Fighter began the quest for the
                  | Orb.
     0 | D:1      | Reached XP level 1. HP: 19/19 MP: 0/0
   439 | D:1      | Reached XP level 2. HP: 27/27 MP: 1/1
  1071 | D:2      | Noticed Jessica
  1081 | D:2      | Killed Jessica
  1082 | D:2      | Reached skill level 3 in Long Blades
  1082 | D:2      | Reached skill level 1 in Dodging
  1082 | D:2      | Reached XP level 3. HP: 15/33 MP: 2/2
  1705 | D:2      | Reached XP level 4. HP: 40/40 MP: 3/3
  1712 | D:2      | Found a faded altar of an unknown god.
  1713 | D:2      | You fall into a shaft and drop 1 floor!
  1764 | D:3      | Found a basalt altar of Yredelemnul.
  1841 | D:3      | Reached skill level 4 in Long Blades
  2044 | D:3      | Noticed Grinder
  2051 | D:3      | Paralysed by Grinder for 3 turns
  2054 | D:3      | Killed Grinder
  2055 | D:3      | Reached skill level 6 in Long Blades
  2055 | D:3      | Reached XP level 5. HP: 9/47 MP: 4/4
  2055 | D:3      | Reached XP level 6. HP: 10/55 MP: 5/5
  2721 | D:2      | Noticed Terence
  2734 | D:2      | Killed Terence
  2735 | D:2      | Reached skill level 5 in Fighting
  3172 | D:4      | Found a transporter.
  3182 | D:4      | Noticed Splishie's ghost (amateur GnWn)
  3187 | D:4      | Found a transporter.
  3618 | D:4      | Found a bloodstained altar of Trog.
  3677 | D:4      | Found a glowing silver altar of Zin.
  4287 | D:5      | Entered Level 5 of the Dungeon
  4287 | D:5      | Noticed Duvessa
  4287 | D:5      | Noticed Dowan
  4290 | D:5      | Killed Duvessa
  4291 | D:5      | Reached skill level 7 in Long Blades
  4291 | D:5      | Reached skill level 5 in Armour
  4291 | D:5      | Reached XP level 7. HP: 37/61 MP: 6/6
  4298 | D:5      | Killed Dowan
  4778 | D:5      | Noticed Blork the orc
  4786 | D:5      | Killed Blork the orc
  4959 | D:5      | Found a staircase to the Ecumenical Temple.
  4975 | Temple   | Entered the Ecumenical Temple
  5024 | Temple   | Became a worshipper of Warmaster Okawaru
  5083 | D:5      | Reached skill level 8 in Long Blades
  5399 | D:5      | Learned a level 3 spell: Confusing Touch
  5503 | D:5      | Reached XP level 8. HP: 49/70 MP: 7/7
  5881 | D:6      | Reached * piety under Okawaru
  5890 | D:6      | Reached skill level 9 in Long Blades
  5918 | D:6      | Reached skill level 5 in Shields
  5940 | D:6      | Reached skill level 1 in Hexes
  6017 | D:6      | Found a sand-covered staircase.
  6025 | Ossuary  | Entered an ossuary
  6311 | Ossuary  | Noticed a flying skull
  6320 | Ossuary  | Noticed a flying skull
  6351 | Ossuary  | Noticed a flying skull
  6359 | Ossuary  | Noticed a flying skull
  6368 | Ossuary  | Reached ** piety under Okawaru
  6415 | Ossuary  | Noticed a flying skull
  6492 | Ossuary  | Reached XP level 9. HP: 78/78 MP: 8/8
  6724 | D:6      | Reached skill level 10 in Long Blades
  6745 | D:6      | Reached skill level 1 in Invocations
  6845 | D:6      | Found a burning altar of Makhleb.
  7041 | D:6      | Reached *** piety under Okawaru
  7198 | D:6      | Reached skill level 11 in Long Blades
  7450 | D:7      | HP: 2/80 [yak (6)]
  7451 | D:7      | Reached **** piety under Okawaru
  7940 | D:7      | Noticed Menkaure
  7947 | D:7      | Killed Menkaure
  7989 | D:7      | Found a glowing golden altar of the Shining One.
  8082 | D:7      | Reached XP level 10. HP: 85/88 MP: 11/11
  8467 | D:7      | Found a shadowy altar of Dithmenos.
  8523 | D:7      | Found a hazy altar of Hepliaklqana.
  8581 | D:8      | Reached skill level 12 in Long Blades
  8934 | D:8      | Reached ***** piety under Okawaru
  8967 | D:8      | Found a stormy altar of Qazlal.
  9774 | D:9      | Reached skill level 13 in Long Blades
  9794 | D:9      | Reached skill level 1 in Stealth
 10386 | D:9      | Found a staircase to the Lair.
 10511 | D:9      | Found a broken altar of Ashenzari.
 10536 | D:9      | Reached skill level 5 in Invocations
 10537 | D:9      | Reached XP level 11. HP: 63/97 MP: 10/13
 11156 | D:10     | Entered Level 10 of the Dungeon
 11254 | D:10     | Found a blossoming altar of Fedhas.
 11268 | D:10     | Found Isker's Serpentskin Sales.
 11616 | D:10     | Reached skill level 10 in Fighting
 11619 | D:10     | Identified the +0 pair of boots of the Demon Prince {rElec
                  | rN+ Str+2} (Okawaru gifted it to you on level 10 of the
                  | Dungeon)
 11619 | D:10     | Received a gift from Okawaru
 12002 | D:10     | Found a hide-covered altar of Uskayaw.
 12026 | D:10     | Reached skill level 14 in Long Blades
 12035 | D:10     | Found a staircase to the Orcish Mines.
 12453 | D:11     | Noticed a two-headed ogre
 12463 | D:11     | Killed a two-headed ogre
 13083 | D:11     | Reached skill level 10 in Armour
 13949 | D:12     | Noticed a white ugly thing
 13960 | D:12     | HP: 2/101 [white ugly thing (17)]
 13961 | D:12     | Killed a white ugly thing
 14355 | D:12     | Reached ****** piety under Okawaru
 14387 | D:12     | Noticed a four-headed hydra
 14395 | D:12     | Killed a one-headed hydra
 14586 | D:12     | Reached XP level 12. HP: 98/110 MP: 15/15
 14636 | D:12     | Found a transporter.
 14685 | D:12     | Found a transporter.
 14690 | D:12     | Noticed a tentacled starspawn
 14815 | D:12     | Identified the +0 cloak "Oreemn" {-Cast Rampage rC+ Stlth+}
                  | (Okawaru gifted it to you on level 12 of the Dungeon)
 14815 | D:12     | Received a gift from Okawaru
 14991 | D:12     | Noticed a boulder beetle
 15006 | D:12     | Killed a boulder beetle
 15366 | D:12     | Reached skill level 15 in Long Blades
 15506 | D:12     | Found a one-way gate to the infinite horrors of the Abyss.
 15671 | D:13     | Found Duno's Book Boutique.
 15677 | D:13     | Found Buostun's Book Boutique.
 15677 | D:13     | Found Hutaim's Jewellery Boutique.
 15678 | D:13     | Found Wuuramic's Assorted Antiques.
 15685 | D:13     | Bought a dazzling scale mail for 270 gold pieces
 15685 | D:13     | Identified the +2 scale mail "Derros" {Fly SInv} (You
                  | bought it in a shop on level 13 of the Dungeon)
 15685 | D:13     | Bought a scroll labelled CUKHUU BEPRUI for 30 gold pieces
 15849 | D:13     | Noticed a centaur warrior
 15850 | D:13     | Noticed a centaur warrior
 15861 | D:13     | Noticed a centaur warrior
 15862 | D:13     | Killed a centaur warrior
 15870 | D:13     | Killed a centaur warrior
 15875 | D:13     | Killed a centaur warrior
 15876 | D:13     | Noticed a two-headed ogre
 15881 | D:13     | Killed a two-headed ogre
 16582 | D:14     | Noticed a centaur warrior
 16584 | D:14     | Noticed a centaur warrior
 16594 | D:14     | Killed a centaur warrior
 16600 | D:14     | Killed a centaur warrior
 16605 | D:14     | Received a gift from Okawaru
 16845 | D:14     | HP: 4/113 [red ugly thing (19)]
 17263 | D:14     | Reached XP level 13. HP: 96/122 MP: 10/17
 17285 | D:14     | Received a gift from Okawaru
 17285 | D:14     | Found the +8 orange crystal plate armour {Archmagi, Int+3
                  | Clar}
 17286 | D:14     | Reached skill level 5 in Dodging
 17981 | D:14     | Reached skill level 16 in Long Blades
 18187 | Abyss:2  | Found a corrupted altar of Lugonu.
 18187 | Abyss:2  | Cast into level 2 of the Abyss (a wizard)
 18334 | Abyss:2  | Noticed a tentacled starspawn
 18449 | Abyss:2  | Noticed a tentacled starspawn
 18461 | Abyss:2  | Killed a tentacled starspawn
 18508 | Abyss:2  | Noticed a black draconian
 18528 | Abyss:2  | Killed a black draconian
 18761 | Abyss:2  | Noticed a deep elf elementalist
 18769 | Abyss:2  | Killed a deep elf elementalist
 18827 | Abyss:2  | Noticed a tentacled monstrosity
 18828 | Abyss:2  | Slain by a caustic shrike skeleton

Illustrated notes

Levels and vault maps discovered:
D:1:      elethiomel_arrival_quiet, layout_basic
D:2:      layout_basic, hellmonk_ecumenical_altar_pennies_from_heaven,
          kennysheep_generic_room_14, uniq_jessica, uniq_terence
D:3:      layout_loops_ring, mainiacjoe_overflow_brackets, uniq_grinder
D:4:      layout_loops_ring, mainiacjoe_overflow_alcove_4, trog_antimagical,
          gammafunk_ghost_stat_death, minmay_misc_feat_chi, item_on_display_a
D:5:      layout_loops_corners, minmay_temple_entry_large_hall, serial_aquarium,
          aquarium_bridge_island_small [aquarium_subvault_small_open,
          aquarium_subvault_bridge, aquarium_subvault_wall,
          aquarium_subvault_bridge, aquarium_subvault_window],
          aquarium_window_1, aquarium_window_corridor_3, aquarium_window_2,
          aquarium_window_corner, aquarium_view_2e, aquarium_view_2d,
          aquarium_pool_corner, uniq_blork_the_orc, uniq_duvessa
D:6:      minmay_inner_zag, layout_basic, makhleb_blood_cavern_becter,
          nicolae_ossuary_entry_giza
D:7:      layout_rooms, riverfiend_overflow_shadow_ancestor, lemuel_round_altar,
          uniq_menkaure
D:8:      layout_loops_ring, grunt_qazlal_sundering,
          hangedman_decor_diamond_cutter
D:9:      layout_irregular_city, mainiacjoe_overflow_cross_hatched,
          erik_lair_dragon
D:10:     layout_long_grid, fedhas_altar_3, nicolae_overflow_hidden_temple,
          minmay_orc_entry_guard_dogs, guppyfry_shop_venom
D:11:     layout_basic
D:12:     layout_stronghold, gammafunk_ghost_abyssal_escape,
          chequers_serial_rivers_micro_e, grunt_ministairs_12, moated_statue,
          kennysheep_nub
D:13:     layout_big_octagon, minmay_shop_grid_forest, patterned_corridor
D:14:     cheibrodos_leafed_vault, layout_loops_ring, erik_vaults_2,
          hangedman_abyss_or_decor_stagger, st_stairs_7, chequers_jeans
Temple:   nicolae_temple_ecumenical_triangle
Abyss:2:  base:
D:6

Skill      XL: |  1  2  3  4  5  6  7  8  9 10 11 12 13 |
---------------+----------------------------------------+-----
Fighting       | 4 5 6 8 9 11 13 14 | 14.0
Long Blades    | 3 6 7 8 9 11 13 14 15 16 | 16.7
Armour         | 4 5 7 8 10 11 12 | 12.5
Dodging        | 1 2 3 4 6 |  6.0
Shields        | 4 5 6 7 8 |  8.8
Hexes          | 1 |  1.0
Invocations    | 2 5 6 7 8 |  8.2
Stealth        | 1 2 |  2.3

Action                   |  1- 3 |  4- 6 |  7- 9 | 10-12 | 13-15 || total
-------------------------+-------+-------+-------+-------+-------++-------
Melee: Long sword        |    62 |   118 |   200 |   423 |   195 ||   998
       Headbutt          |     6 |    16 |    29 |   104 |    61 ||   216
Invok: Heroism           |       |       |     1 |     8 |     5 ||    14
       Finesse           |       |       |       |     1 |       ||     1
Evoke: Wand              |       |       |       |     1 |       ||     1
  Use: Potion            |       |     2 |     2 |    11 |     6 ||    21
       Scroll            |       |     5 |     6 |    11 |       ||    22
 Stab: Distracted        |       |       |       |       |     1 ||     1
       Sleeping          |       |       |       |       |     1 ||     1
Armor: Scale mail        |     4 |       |       |    80 |    29 ||   113
       Chain mail        |    38 |    68 |    74 |   146 |       ||   326
Dodge: Dodged            |    27 |    37 |    42 |   254 |    47 ||   407
Block: Buckler           |    18 |    23 |    46 |   139 |    29 ||   255
